 Dungeon Crawl Stone Soup version 0.30.0-15-g856e2d3f33 (webtiles) character file.

Game seed: 16661669860934238141

170 EnegeticOcto the Shooter (level 5, -7/43 HPs)
             Began as an Armataur Hunter on May 19, 2023.
             Mangled by an ogre
             ... wielding a +0 giant club
              (32 damage)
             ... on level 4 of the Dungeon.
             The game lasted 00:06:12 (1112 turns).

EnegeticOcto the Shooter (Armataur Hunter)          Turns: 1112, Time: 00:06:12

Health: -7/43      AC:  8    Str: 16    XL:     5   Next: 26%
Magic:  5/5        EV:  9    Int: 10    God:
Gold:   145        SH:  0    Dex: 15    Spells: 4/4 levels left

rFire   . . .        a - +0 shortbow
rCold   . . .        (shield currently unavailable)
rNeg    . . .        c - +0 leather armour
rPois   .            (no helmet)
rElec   .            (no cloak)
rCorr   .            (no gloves)
SInv    .            (no barding)
Will    +....        (no amulet)
Stlth   ++           k - ring of willpower
HPRegen 0.27/turn    r - +4 ring of protection
MPRegen 0.09/turn

%: roll
@: no status effects
A: large, rugged brown scales 3, deformed body, armoured tail, roll, long
tongue, awkward tongue
a: no special abilities


You were on level 4 of the Dungeon.
You visited 1 branch of the dungeon, and saw 4 of its levels.

You collected 145 gold pieces.

Inventory:

Hand Weapons
 a - a +0 shortbow (weapon)
 m - the +1 dagger of Valour {heavy, rPois rF+ Str-4 Int+4}
   (You found it on level 2 of the Dungeon)

   Str:       It affects your strength (-4).
   Int:       It affects your intelligence (+4).
   rF:        It protects you from fire.
   rPois:     It protects you from poison.
 q - a +0 quarterstaff
   (You found it on level 3 of the Dungeon)
Missiles
 s - 7 poisoned darts
Armour
 c - a +0 leather armour (worn)
 l - a +1 chain mail of fire resistance
   (You found it on level 2 of the Dungeon)
Jewellery
 k - a ring of willpower (left hand)
   (You found it on level 1 of the Dungeon)
 r - a +4 ring of protection (right hand)
   (You found it on level 3 of the Dungeon)
 A - a ring of see invisible
   (You found it on level 4 of the Dungeon)
Scrolls
 b - a scroll of immolation
 e - a scroll of identify {unknown}
 g - a scroll of noise {unknown}
 n - 3 scrolls of enchant armour {unknown}
 o - a scroll of teleportation {unknown}
 t - a scroll of amnesia {unknown}
 u - 3 scrolls of vulnerability {unknown}
 v - a scroll of fog {unknown}
 x - a scroll of acquirement {unknown}
 y - a scroll of magic mapping {unknown}
 z - a scroll of fear {unknown}
Potions
 d - a potion of flight {unknown}
 f - 4 potions of curing {@q1 !q}
 h - a potion of degeneration {unknown}
 i - 2 potions of lignification {unknown}
 j - a potion of mutation {unknown}
 p - a potion of brilliance {unknown}
 w - 2 potions of heal wounds {unknown}


   Skills:
 - Level 1.7 Fighting
 + Level 4.5 Ranged Weapons
 - Level 1.3 Dodging
 + Level 3.2 Stealth


You had 4 spell levels left.
You didn't know any spells.
Your spell library contained the following spells:

 Spells                   Type           Power      Damage    Failure   Level
 Kiss of Death            Conj/Necr      0%         2d5       43%         1
 Summon Small Mammal      Summ           0%         N/A       43%         1
 Ensorcelled Hibernation  Hex/Ice        0%         N/A       56%         2
 Call Canine Familiar     Summ           0%         N/A       80%         3
 Confusing Touch          Hex            0%         N/A       80%         3
 Spider Form              Tmut/Pois      0%         N/A       80%         3
 Summon Guardian Golem    Hex/Summ       0%         N/A       80%         3
 Anguish                  Hex/Necr       0%         N/A       99%         4
 Dispel Undead            Necr           0%         3d6       99%         4


Dungeon Overview and Level Annotations

Branches:
Dungeon (4/15) Zot: 22820
 Temple: D:4-7

Altars:
Ru
Xom


Innate Abilities, Weirdness & Mutations

You are completely covered in rugged brown scales. (AC +3, +7% HP)
Armour fits poorly on your strangely shaped body.
You have a long armoured tail.
You roll when moving toward enemies. (Rampage)
Your long tongue fully drains potion bottles. (2x potion effects)
Your tongue gives you trouble enunciating. (1.5x scroll delay)


Message History

The ufetubus shouts!
The arrow hits the kobold.
You kill the kobold!
You shoot an arrow. The arrow closely misses the ufetubus.
An adder comes into view.
You shoot an arrow. The arrow misses the ufetubus.
The adder hisses angrily.
The ufetubus barely misses you. The ufetubus hits you. x2
The ufetubus barely misses you.
You shoot an arrow. The arrow hits the ufetubus.
The ufetubus is almost dead.
The ufetubus hits you.
The ufetubus hits you but does no damage.
The ufetubus closely misses you.
The ufetubus hits you but does no damage.
You shoot an arrow.
The arrow completely misses the ufetubus.
The ufetubus barely misses you. The ufetubus hits you.
The ufetubus hits you but does no damage. x2
You shoot an arrow. The arrow misses the ufetubus.
The ufetubus closely misses you. x2
The ufetubus hits you but does no damage.
The ufetubus barely misses you.
You shoot an arrow. The arrow hits the ufetubus.
You kill the ufetubus!
The adder bites you but does no damage. x2
You shoot an arrow. The arrow misses the adder.
The adder bites you but does no damage. The adder barely misses you.
You shoot an arrow. The arrow closely misses the adder.
The adder misses you.
You shoot an arrow. The arrow misses the adder.
The adder bites you but does no damage. The adder bites you.
You are poisoned.
The adder poisons you!
You shoot an arrow. The arrow barely misses the adder.
You feel sick. The adder bites you but does no damage.
The adder closely misses you.
You shoot an arrow. The arrow hits the adder!
The adder is almost dead.
You feel sick. The adder bites you but does no damage.
You are too injured to fight recklessly!
You are too injured to fight recklessly!
You are too injured to fight recklessly!
You are too injured to fight recklessly!
Fire: a) +0 shortbow
Press: ? - help, Q - select action, (/) - cycle Shift-Dir - straight line, f/p - adder
Aim: an adder (almost dead, 42% to hit)
You shoot an arrow. The arrow closely misses the adder.
You feel sick. The adder bites you. The adder bites you but does no damage.
Fire: a) +0 shortbow
Press: ? - help, Q - select action, (/) - cycle Shift-Dir - straight line, f/p - adder
Aim: an adder (almost dead, 42% to hit)
You shoot an arrow. The arrow hits the adder!
You kill the adder!
You feel sick.
You are no longer poisoned.
Fire: a) +0 shortbow
Press: ? - help, Q - select action, (/) - cycle Shift-Dir - straight line, f - you
Okay, then.
Found a small jade ring.
Things that are here:
a +0 dagger; a +0 robe; a kobold corpse
Found 5 stones.
w - 2 black potions (gained 1)
You now have 145 gold pieces (gained 13).
A - a ring of see invisible
Found a sling.
Found an escape hatch in the ceiling.
Found a scroll labelled LESIME ISYAC.
An ogre comes into view. It is wielding a +0 giant club.
You shoot an arrow. The arrow hits the ogre.
The ogre shouts!
The ogre is lightly wounded.
You hear a shout!
You shoot an arrow. The arrow barely misses the ogre.
You shoot an arrow. The arrow hits the ogre!
The ogre is moderately wounded.
The ogre hits you with a +0 giant club!
You are too injured to fight recklessly!
Fire: a) +0 shortbow
Press: ? - help, Q - select action, (/) - cycle Shift-Dir - straight line, f/p - ogre
Aim: an ogre, wielding a +0 giant club (moderately wounded, 75% to hit)
You shoot an arrow. The arrow completely misses the ogre.
Fire: a) +0 shortbow
Press: ? - help, Q - select action, (/) - cycle Shift-Dir - straight line, f/p - ogre
Aim: an ogre, wielding a +0 giant club (moderately wounded, 75% to hit)
You shoot an arrow. The arrow barely misses the ogre.
The ogre hits you with a +0 giant club.
Fire: a) +0 shortbow
Press: ? - help, Q - select action, (/) - cycle Shift-Dir - straight line, f/p - ogre
Aim: an ogre, wielding a +0 giant club (moderately wounded, 75% to hit)
You shoot an arrow. The arrow hits the ogre!
The ogre is severely wounded.
The ogre closely misses you.
Fire: a) +0 shortbow
Press: ? - help, Q - select action, (/) - cycle Shift-Dir - straight line, f/p - ogre
Aim: an ogre, wielding a +0 giant club (severely wounded, 75% to hit)
You shoot an arrow. The arrow hits the ogre.
The ogre is severely wounded.
The ogre hits you with a +0 giant club!!
Ouch! That really hurt!
You die...

#......#.......#.#
#.†<.#......##....#
#....####.^#####..#
#....##....# ...#
#######..#.....##..#
#..##.###.# ...#
#..##.###.. .##
#..........
##########@..#.#####
#........O.###.#
#+++###..### #.##
#.####..# #.......#
#........ #.?......
#........


You could see an ogre.

Vanquished Creatures
  A scorpion (D:3)
  4 adders
  An ufetubus (D:4)
  A worm (D:2)
  A dart slug (D:2)
  4 ball pythons
  3 endoplasms
  5 giant cockroaches
  6 goblins
  8 hobgoblins
  7 jackals (D:1)
  4 quokkas
  6 bats (D:1)
  A frilled lizard (D:1)
  5 kobolds
  5 rats
62 creatures vanquished.

Notes
Turn   | Place    | Note
-------+----------+-------------------------------------------
     0 | D:1      | EnegeticOcto the Armataur Hunter began the quest for the
                  | Orb.
     0 | D:1      | Reached XP level 1. HP: 18/18 MP: 1/1
    71 | D:1      | Reached skill level 3 in Ranged Weapons
   123 | D:1      | Reached XP level 2. HP: 25/25 MP: 2/2
   268 | D:1      | Reached XP level 3. HP: 30/31 MP: 3/3
   373 | D:2      | Found a faded altar of an unknown god.
   391 | D:2      | Identified the +1 dagger of Valour {heavy, rPois rF+ Str-4
                  | Int+4}
   440 | D:2      | Reached skill level 4 in Ranged Weapons
   690 | D:2      | Found a shimmering altar of Xom.
   749 | D:3      | Noticed a scorpion
   761 | D:3      | Killed a scorpion
   762 | D:3      | Reached skill level 2 in Stealth
   762 | D:3      | Reached XP level 4. HP: 38/38 MP: 4/4
   795 | D:3      | Reached XP level 5. HP: 43/43 MP: 5/5
   802 | D:3      | Found a sacrificial altar of Ru.
   903 | D:3      | Reached skill level 3 in Stealth
  1099 | D:4      | Noticed an ogre
  1112 | D:4      | Mangled by an ogre

Illustrated notes

Levels and vault maps discovered:
D:1:      dpeg_arrival_rhombi, layout_basic
D:2:      layout_basic, hellmonk_ecumenical_altar_lost_god, basic_altar,
          chequers_serial_rivers_micro_d
D:3:      layout_rooms, nicolae_ru_sacrificial_ziggurat, chequers_arboretum
D:4:      layout_rooms, lemuel_round_altar, cheibrodos_worm_habitat,
          mainiacjoe_overflow_alcove_4

Skill      XL: |  1  2  3  4  5 |
---------------+----------------+-----
Ranged Weapons | 3 4 |  4.5
Stealth        | 2 3 |  3.2
Fighting       | |  1.7
Dodging        | |  1.3

Action                     |  1- 3 |  4- 6 || total
---------------------------+-------+-------++-------
  Melee: Dagger            |     3 |     2 ||     5
   Fire: Shortbow          |   139 |    54 ||   193
    Use: Scroll            |     1 |       ||     1
         Potion            |     1 |       ||     1
 Armour: Leather armour    |    55 |    18 ||    73
  Dodge: Dodged            |    68 |    17 ||    85
